 Dungeon Crawl Stone Soup version bcrawl-1.38.1 (webtiles) character file.

Game seed: 8894771120744816700

537707 pheathergobbo575 the Brawler (level 13, -1/128 HPs)
             Began as a Troll Abyssal Knight on Apr 10, 2023.
             Was a High Priest of Lugonu.
             Killed from afar by an oklob plant (12 damage)
             ... with a splash of acid
             ... on level 6 of the Lair of Beasts on Apr 15, 2023.
             The game lasted 00:32:03 (13766 turns).

pheathergobbo575 the Brawler (TrAK)                Turns: 13766, Time: 00:32:04

Health: -1/128     AC:  5    Str: 29 (30) XL:     13   Next: 67%
Magic:  20/20      EV: 10    Int: 10 (11) God:    Lugonu [*****.]
Gold:   2241       SH:  0    Dex: 10      Spells: 12/12 levels left

rFire    + . .     GDR:     26%   - Claws (46.1)
rCold    . . .     SeeInvis .   (no shield)
rNeg     . . .     Gourm    +   (armour unavailable)
rPois    +         Faith    .   k - +2 hat {MR+}
rElec    .         Spirit   .   t - +2 cloak
rCorr    .         Reflect  .   (gloves unavailable)
MR       +....                  (boots unavailable)
Stlth    +.........             M - amulet of magic regeneration
HPRegen  1.11/turn              N - ring of Rimyg {Wiz rPois Int+4}
MPRegen  0.45/turn              D - ring of protection from fire

@: corroded
A: large, almost no armour, claws 3, thin metallic scales 1, blurry vision 1,
fast metabolism 3, gourmand, regeneration 2, strong 1, AC +10
a: Depart the Abyss, Bend Space, Banish, Corrupt, Enter the Abyss, Renounce
Religion


You were on level 6 of the Lair of Beasts.
You worshipped Lugonu.
Lugonu was extremely pleased with you.
You were completely stuffed.

You visited 3 branches of the dungeon, and saw 16 of its levels.
You visited the Abyss 1 time.
You also visited: Sewer.

You collected 2241 gold pieces.

Inventory:

Missiles
 a - 10 tomahawks of dispersal {=f}
 b - 2923 stones (quivered)
 H - 2 throwing nets {=f}
Armour
 k - a +2 hat of magic resistance (worn)
 t - a +2 cloak (worn)
 J - the +1 medium shield of Mibbodef {rF+ MR+}
   (Lugonu gifted it to you on level 1 of the Lair of Beasts)

   It protects you from fire.
   It affects your resistance to hostile enchantments.
Jewellery
 q - the ring "Hedwilut" {Fire rElec, unknown}
   (You found it on level 5 of the Lair of Beasts)

   [ring of fire]

   It enhances your fire magic.
   It protects you from fire.
   It makes you vulnerable to cold.
   It insulates you from electricity.
 D - a ring of protection from fire (right claw)
 K - a +3 amulet of reflection
 M - an amulet of magic regeneration (around neck)
 N - the ring of Rimyg (left claw) {Wiz rPois Int+4}
   (You found it on level 1 of the Lair of Beasts)

   [ring of wizardry]

   It improves your spell success rate.
   It affects your intelligence (+4).
   It protects you from poison.
 Q - a +4 amulet of reflection
Wands
 j - a wand of flame (27)
 r - a wand of digging (5)
 y - a wand of polymorph (25)
 F - a wand of disintegration (14)
 R - a wand of random effects (10)
Scrolls
 g - 9 scrolls of remove curse
 i - 7 scrolls of identify
 l - 4 scrolls of enchant weapon
 m - 4 scrolls of magic mapping
 n - 4 scrolls of amnesia {unknown}
 o - 3 scrolls of blinking {unknown}
 s - 5 scrolls of teleportation {unknown}
 v - a scroll of enchant armour
 w - 3 scrolls of noise {unknown}
 A - a scroll of fear
 W - a scroll of fog
Potions
 c - 4 potions of might
 d - 4 potions of brilliance
 e - 4 potions of flight
 f - 5 potions of curing
 h - 2 potions of mutation
 x - a potion of resistance {unknown}
 z - 3 potions of lignification
 B - 2 potions of invisibility
 C - a potion of agility
 T - 2 potions of haste {unknown}
Miscellaneous
 G - a phial of floods
 U - a lamp of fire
Comestibles
 p - 45 rations {!d}
 u - 9 chunks of flesh


   Skills:
 + Level 8.3 Fighting
 - Level 0.8 Throwing
 - Level 1.9 Dodging
 * Level 17.6 Unarmed Combat
 - Level 11.7 Invocations


You had 12 spell levels left.
You didn't know any spells.
Your spell library contained the following spells:

 Spells                   Type           Power        Failure   Level  Hunger
 Flame Tongue             Conj/Fire      #....        16%         1    None
 Summon Small Mammal      Summ           #...         16%         1    None
 Call Imp                 Summ           #.....       22%         2    ####...
 Flaming Arrows           Chrm/Fire      #.......     22%         2    ####...
 Call Canine Familiar     Summ           #.......     41%         3    #####..
 Conjure Flame            Conj/Fire      #.......     41%         3    #####..
 Inner Flame              Hex/Fire       N/A          41%         3    #####..
 Sticky Flame             Conj/Fire      #.......     80%         4    ######.
 Summon Ice Beast         Ice/Summ       #.......     80%         4    ######.
 Bolt of Draining         Conj/Necr      #.........   98%         5    #######
 Fireball                 Conj/Fire      #.........   98%         5    #######
 Summon Lightning Spire   Summ/Air       #.......     98%         5    #######
 Bolt of Cold             Conj/Ice       #.........   100%        6    #######
 Iron Shot                Conj/Erth      #.........   100%        6    #######
 Poison Arrow             Conj/Pois      #.........   100%        6    #######


Dungeon Overview and Level Annotations

Branches:
Dungeon (9/12)             Temple (1/1) D:4            Lair (6/6) D:7
 Shoals (0/3) Lair:3        Snake (0/3) Lair:2
  Slime: Lair:5-6       Orc: D:8-11

Altars:
Ashenzari
Cheibriados
Fedhas
Gozag
Qazlal
Sif Muna
Xom
Zin

Shops:
D:2 *   D:4 [   D:7 *

Annotations:
D:8 Harold
Lair:1 3 runed translucent doors, foxfromabyss's ghost, journeyman DgAc
Lair:6 exclusion: 2 oklob plants


Innate Abilities, Weirdness & Mutations

You cannot wear most types of armour.
Your thick skin is tough. (AC +10)
You are too large for most types of armour.
You have claws for hands.
Your metabolism is lightning-fast.
You like to eat raw meat.
You heal very quickly.
You are partially covered in thin metallic scales. (AC +2)
Scrolls take you a little longer to read.
Your muscles are strong. (Str +2)


Message History

You mangle the oklob plant!!
You destroy the oklob plant!
Lugonu accepts your kill. The oklob plant spits acid at you.
The splash of acid hits you.
You are splashed with acid!
* * * LOW HITPOINT WARNING * * *
The oklob plant spits acid at you. The splash of acid hits you.
* * * LOW HITPOINT WARNING * * *
The acid corrodes you!
You are splashed with acid!
* * * LOW HITPOINT WARNING * * *
You claw the oklob plant! x2
The oklob plant is heavily damaged.
The oklob plant spits acid at you.
The splash of acid hits you but does no damage.
The acid corrodes you!
You are splashed with acid!
* * * LOW HITPOINT WARNING * * *
The oklob plant spits acid at you. The splash of acid hits you!
You die...

#..........##...#
##.##.....###..##
#..#÷.....#....#
#...##...## ...#
#..##.....# ..#
######...#.......#.
#...%.............
#$..!......../....
#..$@.............
#P?.PP............
######............
†##.......P.. .
####... . ..


You could see 2 oklob plants.

Vanquished Creatures
  Gastronok (Lair:2)
  Kirke (Lair:5)
  A catoblepas (Lair:5)
  A queen ant (Lair:4)
  A spectral death yak (Lair:6)
  A manticore (Lair:3)
  2 oklob plants
  10 elephants
  5 black mambas
  10 cane toads
  A rime drake (Lair:3)
  3 komodo dragons
  2 eyes of draining
  3 trolls
  A polar bear (Lair:3)
  A hornet (D:7)
  Prince Ribbit (Lair:2)
  5 hippogriffs
  20 blink frogs
  20 yaks
  A basilisk (Lair:2)
  6 hogs
  9 crocodiles
  A naga (Lair:2)
  8 water moccasins
  12 porcupines
  20 soldier ants
  A hornet zombie (D:7)
  3 sky beasts
  3 black bears
  An ice beast (D:8)
  A necrophage (D:7)
  2 orc warriors
  A phantom (D:9)
  4 ogres
  9 wolves
  7 bullfrogs
  Blork the orc (D:6)
  2 kobold brigands
  A gnoll sergeant (D:5)
  A water moccasin zombie (D:7)
  7 centaurs
  A scorpion (D:7)
  A water moccasin skeleton (D:7)
  2 killer bees (D:9)
  13 wights (D:9)
  3 howler monkeys
  An orc priest (D:9)
  2 crimson imps
  A bullfrog skeleton (D:8)
  Crazy Yiuf (D:5)
  2 jellies
  9 hounds
  5 iguanas
  An orc wizard (D:6)
  2 hell rats (Lair:2)
  23 worker ants
  2 hound skeletons
  A worker ant zombie (D:5)
  Robin (D:4)
  7 gnolls
  A howler monkey skeleton (D:2)
  13 adders
  13 river rats
  4 oozes
  4 adder skeletons
  3 worms
  4 dart slugs
  9 leopard geckos
  17 orcs
  7 ball pythons
  7 giant cockroaches
  16 goblins
  9 hobgoblins
  18 jackals
  4 quokkas
  3 bats
  7 frilled lizards
  27 kobolds
  A quokka skeleton (D:4)
  31 rats
  A bush (Lair:1)
  3 fungi
  A plant (Lair:5)
472 creatures vanquished.

Vanquished Creatures (others)
  5 hydras
  A human (Lair:6)
  19 fungi
  27 plants
  11 withered plants (Lair:6)
63 creatures vanquished.

Grand Total: 535 creatures vanquished

Notes
Turn   | Place    | Note
-------+----------+-------------------------------------------
     0 | Abyss:1  | pheathergobbo575 the Troll Abyssal Knight began the quest
                  | for the Orb.
     0 | Abyss:1  | Reached XP level 1. HP: 22/22 MP: 1/1
    25 | Abyss:2  | Noticed a large abomination
    41 | Abyss:3  | Noticed a thrashing horror
    41 | D:1      | Escaped the Abyss
   201 | D:1      | Reached XP level 2. HP: 22/29 MP: 2/2
   256 | D:1      | Reached * piety under Lugonu
   260 | D:1      | Reached skill level 3 in Unarmed Combat
   534 | D:2      | Reached XP level 3. HP: 33/36 MP: 3/3
   602 | D:2      | Reached skill level 4 in Unarmed Combat
   830 | D:2      | Found Zin's Purification Station.
   830 | D:2      | Found a glowing silver altar of Zin.
   848 | D:2      | Reached ** piety under Lugonu
   896 | D:2      | Found a shattered altar of Ashenzari.
   900 | D:2      | Gained mutation: Your natural rate of healing is unusually
                  | fast. [Troll growth]
   900 | D:2      | Reached XP level 4. HP: 44/44 MP: 4/4
  1226 | D:3      | Reached skill level 5 in Unarmed Combat
  1262 | D:2      | Reached XP level 5. HP: 33/50 MP: 5/5
  1427 | D:3      | Found a snail-covered altar of Cheibriados.
  1596 | D:3      | Noticed an ogre
  1603 | D:3      | Killed an ogre
  1604 | D:3      | Reached skill level 6 in Unarmed Combat
  1604 | D:3      | Reached XP level 6. HP: 57/59 MP: 6/6
  1790 | D:4      | Found Piosoajog's Antique Armour Shop.
  1806 | D:4      | Noticed a yak
  1825 | D:4      | Killed a yak
  1826 | D:4      | Reached skill level 7 in Unarmed Combat
  1979 | D:4      | Reached *** piety under Lugonu
  2055 | D:4      | Noticed Robin
  2070 | D:4      | Killed Robin
  2118 | D:4      | Reached XP level 7. HP: 66/66 MP: 7/7
  2291 | D:4      | Found a staircase to the Ecumenical Temple.
  2297 | Temple   | Entered the Ecumenical Temple
  2509 | D:5      | Entered Level 5 of the Dungeon
  2513 | D:5      | Reached skill level 8 in Unarmed Combat
  2668 | D:5      | Reached skill level 9 in Unarmed Combat
  2730 | D:5      | Found a runed door.
  2734 | D:5      | Noticed Crazy Yiuf
  2776 | D:5      | Killed Crazy Yiuf
  2777 | D:5      | Reached XP level 8. HP: 71/74 MP: 8/8
  2905 | D:5      | Reached **** piety under Lugonu
  2921 | D:5      | Found a glowing drain.
  2935 | Sewer    | Entered a sewer
  3059 | Sewer    | Reached skill level 10 in Unarmed Combat
  3331 | Sewer    | Received a gift from Lugonu
  4009 | D:6      | Noticed Blork the orc
  4017 | D:6      | Killed Blork the orc
  4682 | D:7      | Reached skill level 11 in Unarmed Combat
  4763 | D:7      | Reached XP level 9. HP: 68/80 MP: 9/9
  4770 | D:7      | Found a staircase to the Lair.
  4793 | D:7      | Reached skill level 12 in Unarmed Combat
  4807 | D:7      | Reached ***** piety under Lugonu
  4971 | D:7      | Noticed a troll
  5001 | D:7      | Noticed an eye of draining
  5005 | D:7      | Killed an eye of draining
  5006 | D:7      | Reached skill level 13 in Unarmed Combat
  5096 | D:7      | Killed a troll
  5212 | D:7      | Found Mumyamm's Assorted Antiques.
  5291 | D:7      | Found a shimmering blue altar of Sif Muna.
  5443 | D:7      | Reached XP level 10. HP: 91/91 MP: 10/10
  5705 | D:8      | Noticed Harold
  5895 | D:8      | Found a stormy altar of Qazlal.
  6017 | D:8      | Reached skill level 14 in Unarmed Combat
  6378 | D:9      | Found an opulent altar of Gozag.
  6417 | D:9      | Received a gift from Lugonu
  6747 | D:9      | Noticed a red ugly thing
  6820 | Lair:1   | Entered Level 1 of the Lair of Beasts
  6823 | Lair:1   | Noticed a black mamba
  6835 | Lair:1   | Received a gift from Lugonu
  6846 | Lair:1   | Killed a black mamba
  6858 | Lair:1   | Got a jewelled medium shield {god gift}
  6931 | Lair:1   | Reached skill level 5 in Invocations
  6970 | Lair:1   | Noticed an oklob plant
  6982 | Lair:1   | Killed an oklob plant
  7069 | Lair:1   | Noticed a six-headed hydra
  7070 | Lair:1   | Banished a six-headed hydra
  7071 | Lair:1   | Reached XP level 11. HP: 101/101 MP: 9/14
  7072 | Lair:1   | Found a runed translucent gate.
  7072 | Lair:1   | Found a runed translucent gate.
  7073 | Lair:1   | Found a runed translucent gate.
  7074 | Lair:1   | Noticed a nine-headed hydra
  7075 | Lair:1   | Noticed foxfromabyss's ghost (journeyman DgAc)
  7076 | Lair:1   | Noticed a five-headed hydra
  7089 | Lair:1   | Banished a five-headed hydra
  7624 | Lair:1   | Got a flickering iron ring
  7626 | Lair:1   | Identified the ring of Rimyg {Wiz rPois Int+4} (You found
                  | it on level 1 of the Lair of Beasts)
  7733 | Lair:2   | Noticed Gastronok
  7745 | Lair:2   | Killed Gastronok
  7999 | Lair:2   | Found a staircase to the Snake Pit.
  8030 | Lair:2   | Noticed Prince Ribbit
  8071 | Lair:2   | Killed Prince Ribbit
  8117 | Lair:2   | Gained mutation: You heal very quickly. [Troll growth]
  8117 | Lair:2   | Reached XP level 12. HP: 72/109 MP: 19/19
  8561 | Lair:2   | Reached skill level 5 in Fighting
  8958 | Lair:3   | Found a staircase to the Shoals.
  8982 | Lair:3   | Reached skill level 15 in Unarmed Combat
  9755 | Lair:4   | Noticed a queen ant
  9962 | Lair:4   | Reached skill level 16 in Unarmed Combat
 10035 | Lair:4   | Noticed a six-headed hydra
 10039 | Lair:4   | Banished a six-headed hydra
 10076 | Lair:4   | Killed a queen ant
 10110 | Lair:4   | Reached XP level 13. HP: 81/123 MP: 20/20
 10217 | Lair:4   | Identified a scroll of acquirement
 10217 | Lair:4   | Identified the ring "Siwuo" {MR++ Int-4 Dex+5 SInv} (You
                  | acquired it on level 4 of the Lair of Beasts)
 10796 | Lair:5   | Gained mutation: Your muscles are strong. (Str +2) [potion
                  | of mutation]
 10796 | Lair:5   | Gained mutation: Scrolls take you a little longer to read.
                  | [potion of mutation]
 10796 | Lair:5   | Gained mutation: You are partially covered in thin metallic
                  | scales. (AC +2) [potion of mutation]
 10848 | Lair:5   | Received a gift from Lugonu
 10939 | Lair:5   | Identified the +1 medium shield of Mibbodef {rF+ MR+}
                  | (Lugonu gifted it to you on level 1 of the Lair of Beasts)
 11045 | Lair:5   | Got a faintly glowing marble ring
 11132 | Lair:5   | Reached skill level 17 in Unarmed Combat
 11729 | Lair:6   | Entered Level 6 of the Lair of Beasts
 11832 | Lair:6   | Noticed Kirke
 11897 | Lair:5   | Killed Kirke
 13766 | Lair:6   | Killed from afar by an oklob plant

Skill      XL: |  1  2  3  4  5  6  7  8  9 10 11 12 13 |
---------------+----------------------------------------+-----
Unarmed Combat | 3 4 5 6 7 9 11 13 14 16 17 | 17.6
Fighting       | 3 4 6 8 |  8.3
Invocations    | 6 11 | 11.7
Throwing       | |  0.8
Dodging        | |  1.9

Action                   |  1- 3 |  4- 6 |  7- 9 | 10-12 | 13-15 || total
-------------------------+-------+-------+-------+-------+-------++-------
Melee: Unarmed           |    85 |   182 |   283 |   489 |   208 ||  1247
       Punch             |       |     4 |     9 |    38 |    20 ||    71
Invok: Depart the Abyss  |     1 |       |       |       |       ||     1
       Banish            |       |       |       |     5 |     6 ||    11
  Use: Scroll            |       |       |     7 |       |    10 ||    17
       Potion            |       |       |     1 |     1 |     6 ||     8
 Stab: Sleeping          |       |     1 |       |     1 |       ||     2
       Distracted        |       |       |       |     1 |       ||     1
  Eat: Chunk             |    13 |    10 |    26 |    35 |    26 ||   110
Armor: Skin              |    46 |    76 |    76 |   154 |    92 ||   444
Dodge: Dodged            |    60 |   111 |   110 |   171 |    83 ||   535
